 Dungeon Crawl Stone Soup version 0.32-a0-931-g5a2cda0630 (webtiles) character file.

Game seed: 16673959971581589589

4568 Chimkentus the Apothecary (level 10, -19/60 HPs)
             Began as an Octopode Alchemist on Apr 13, 2024.
             Was a Believer of Wu Jian.
             Demolished by a dire elephant (32 damage)
             ... on level 8 of the Dungeon.
             The game lasted 00:50:48 (10116 turns).

Chimkentus the Apothecary (Octopode Alchemist)     Turns: 10116, Time: 00:50:48

Health: -19/60     AC:  1    Str:  8    XL:     10   Next: 41%
Magic:  16/22      EV: 17    Int: 27    God:    Wu Jian [**....]
Gold:   283        SH:  0    Dex: 13    Spells: 1/23 levels left

rFire   . . .        r - +4 whip of the Evil Eye {flame, +Blink Int+6}
rCold   . . .        (no shield)
rNeg    . . .        (helmet restricted)
rPois   +            n - amulet of the acrobat
rElec   .            s - +5 ring of evasion
rCorr   .            F - ring of poison resistance
SInv    .            (no ring)
Will    .....        (no ring)
Stlth   ++++         (no ring)
HPRegen 0.30/turn    (no ring)
MPRegen 0.18/turn    (no ring)
                     (no ring)

%: acrobat, clarity
@: mighty, weak-willed
A: almost no armour, amphibious, 8 rings, camouflage 1, gelatinous body 1,
(nimble swimmer 1), tentacles, tentacle spike 1, clarity, high MP 1, noise
suppression
a: Renounce Religion, Evoke Blink, Wall Jump


You were on level 8 of the Dungeon.
You worshipped Wu Jian.
Wu Jian was pleased with you.
You visited 2 branches of the dungeon, and saw 9 of its levels.

You collected 489 gold pieces.
You spent 206 gold pieces at shops.

Inventory:

Hand Weapons
 m - a +3 quarterstaff of chaos
 r - the +4 whip of the Evil Eye (weapon) {flame, +Blink Int+6}
   (You found it on level 4 of the Dungeon)

   Int+6:     It affects your intelligence (+6).
   +Blink:    It lets you blink.
 B - a +1 morningstar of flaming
Missiles
 y - 11 boomerangs (quivered)
 E - 14 poisoned darts
 H - a curare-tipped dart
Armour
 G - a +0 buckler
Magical Staves
 I - a staff of earth
Jewellery
 n - an amulet of the acrobat (around mantle)
 s - a +5 ring of evasion (left tentacle)
 x - an amulet of faith
 A - an amulet of reflection
 F - a ring of poison resistance (right tentacle)
Talismans
 i - a flux talisman
Wands
 l - a wand of polymorph (13)
Scrolls
 d - 3 scrolls of amnesia
 f - a scroll of summoning
 g - a scroll of poison
 k - 2 scrolls of enchant weapon
 o - 2 scrolls of blinking
 p - 2 scrolls of teleportation
 t - 2 scrolls of brand weapon
 v - 2 scrolls of enchant armour
 w - a scroll of revelation {unknown}
 D - a scroll of fog {unknown}
Potions
 a - a potion of magic
 b - a potion of brilliance
 c - a potion of degeneration {unknown}
 e - 3 potions of mutation
 h - a potion of enlightenment {unknown}
 q - 2 potions of heal wounds
 z - 4 potions of curing
 C - 2 potions of invisibility {unknown}


   Skills:
 + Level 2.0 Fighting
 + Level 4.1(4.4) Maces & Flails
 + Level 1.9(3.3) Staves
 + Level 0.5 Throwing
 + Level 2.8 Dodging
 + Level 6.7 Stealth
 + Level 1.1 Unarmed Combat
 * Level 7.1 Spellcasting
 + Level 3.9 Conjurations
 * Level 5.4 Translocations
 + Level 3.3 Air Magic
 * Level 2.4 Earth Magic
 + Level 7.8 Alchemy
 + Level 0.2 Evocations


You had one spell level left.
You knew the following spells:

 Your Spells              Type           Power      Damage    Failure   Level
a - Iskenderun's Mystic Conj/Tloc 34%            2d8        (+2d4     9%          4
b - Mephitic Cloud        Conj/Alch/Air  36%        N/A       2%          3
c - Olgreb's Toxic Radia  Alch           51%        N/A       2%          4
d - Swiftness             Air            27%        N/A       4%          3
e - Passwall              Erth           22%        N/A       6%          3
f - Lee's Rapid Deconstr  Erth           11%        3d8*      50%         5

Your spell library contained the following spells:

 Spells                   Type           Power      Damage    Failure   Level
 Sting                    Conj/Alch      100%       1d9       1%          1
 Mercury Vapours          Alch/Air       78%        N/A       1%          2
 Teleport Other           Tloc           38%        N/A       1%          3
 Fulminant Prism          Conj/Alch      20%        3d12      4%          4
 Volatile Blastmotes      Fire/Tloc      48%        2d14      6%          3
 Leda's Liquefaction      Alch/Erth      18%        N/A       7%          4
 Dazzling Flash           Conj/Hex       40%        N/A       8%          3
 Ensorcelled Hibernation  Hex/Ice        18%        N/A       9%          2
 Sticky Flame             Fire/Alch      30%        2d7       12%         4
 Fugue of the Fallen      Necr           9%         N/A       17%         3
 Inner Flame              Hex/Fire       9%         N/A       17%         3
 Ozocubu's Armour         Ice            9%         N/A       17%         3
 Flame Wave               Conj/Fire      20%        2d7       26%         4
 Silence                  Hex/Air        9%         N/A       63%         5
 Dispersal                Tloc           19%        N/A       67%         6
 Gell's Gavotte           Tloc           19%        2d(19-29) 67%         6
 Curse of Agony           Necr           9%         N/A       85%         5
 Permafrost Eruption      Ice/Erth       8%         2x4d3     99%         6
 Manifold Assault         Tloc           19%        N/A       99%         7


Dungeon Overview and Level Annotations

Branches:
Dungeon (8/15)             Temple (1/1) D:6
   Lair: D:8-11

Altars:
Ashenzari
Cheibriados
Dithmenos
Elyvilon
Fedhas
Gozag
Hepliaklqana
Kikubaaqudgha
Nemelex Xobeh
Okawaru
Qazlal
Sif Muna
Trog
Uskayaw
Vehumet
Wu Jian
Xom
Yredelemnul
Zin
The Shining One

Shops:
D:2 *   D:4 *:   D:5 [   D:7 [*


Innate Abilities, Weirdness & Mutations

You cannot wear most types of armour.
You are amphibious.
You can wear up to eight rings at the same time.
Your skin changes colour to match your surroundings (Stealth+).
Your rubbery body absorbs attacks. (AC +1, EV +1)
((You are camouflaged when in or above water. (Stealth+)))
You have tentacles for arms and can constrict up to eight enemies at once.
One of your tentacles bears a spike.
You possess an exceptional clarity of mind.
You have an increased reservoir of magic. (+10% MP)
You passively dampen the noise of your surroundings.


Message History

The dire elephant is lightly wounded.
The dire elephant looks even sicker.
The dire elephant is engulfed in noxious fumes.
The dire elephant barely misses you. The dire elephant trunk-slaps you.
You hit the dire elephant but do no damage.
Your tentacle spike misses the dire elephant.
The dire elephant is lightly wounded.
The dire elephant is engulfed in noxious fumes.
The dire elephant tramples you but does no damage.
The dire elephant trunk-slaps you.
You hit the dire elephant but do no damage.
You pierce the dire elephant, but do no damage.
You squeeze the dire elephant, but do no damage.
The dire elephant is lightly wounded.
Your toxic aura wanes.
The dire elephant is engulfed in noxious fumes.
The dire elephant appears confused.
You feel very mighty all of a sudden.
The dire elephant is engulfed in noxious fumes.
The dire elephant misses you. The dire elephant barely misses you.
You hit the dire elephant. You burn the dire elephant.
You pierce the dire elephant, but do no damage.
The dire elephant is moderately wounded.
The dire elephant is engulfed in noxious fumes.
You hit the dire elephant. You burn the dire elephant.
You pierce the dire elephant.
You squeeze the dire elephant!
The dire elephant is heavily wounded.
You whack the dire elephant! You burn the dire elephant.
You pierce the dire elephant, but do no damage.
The dire elephant is heavily wounded.
The dire elephant seems less confused.
The dire elephant tramples you!!
Ouch! That really hurt!
You hold your ground!
The dire elephant trunk-slaps you!
* * * LOW HITPOINT WARNING * * *
You spin and attack the dire elephant.
You whack the dire elephant! You burn the dire elephant.
The dire elephant is severely wounded.
The dire elephant tramples you!!
Ouch! That really hurt!
You die...

#.##.#### #.##.#
#.##.# #.##.#
#.##.##############
#.#................
#.#...[.........###
##Y##°..............
#..@☼§....######....
#######≈≈≈.....≈≈###
.≈≈≈≈....≈≈.≈≈≈.#
.....≈.≈≈.......#
_.≈≈≈.≈...≈.≈...##
$....≈.≈≈.D.......
.≈≈≈≈....≈≈.≈≈≈..#
#######≈≈≈.....≈≈.##
#.........####..#.#.


You could see a dire elephant (poisoned).

Vanquished Creatures
  A tengu warrior (D:8)
  Maggie (D:6)
  An unseen horror (D:8)
  A hornet (D:8)
  2 wyverns
  A water moccasin (D:7)
  2 orc warriors
  2 ice beasts
  4 sky beasts
  2 ogres
  3 bullfrogs
  2 kobold brigands (D:8)
  A gnoll sergeant (D:8)
  4 wights (D:6)
  11 killer bees
  3 bombardier beetles
  A hound (D:5)
  6 orc priests
  A jelly (D:7)
  Crazy Yiuf (D:2)
  2 sleepcaps
  4 iguanas
  An orc wizard (D:5)
  Robin (D:2)
  3 gnolls (D:8)
  6 adders
  A shadow imp (D:7)
  4 white imps (D:6)
  3 dart slugs
  5 ribbon worms
  23 orcs
  7 ball pythons
  5 bats
  8 endoplasms
  3 giant cockroaches
  9 goblins
  13 hobgoblins
  5 quokkas
  4 frilled lizards
  16 kobolds
  4 rats
177 creatures vanquished.

Vanquished Creatures (collateral kills)
  2 bombardier beetles (D:5)
2 creatures vanquished.

Grand Total: 179 creatures vanquished

Notes
Turn   | Place    | Note
-------+----------+-------------------------------------------
     0 | D:1      | Chimkentus the Octopode Alchemist began the quest for the
                  | Orb.
     0 | D:1      | Reached XP level 1. HP: 11/11 MP: 3/3
    97 | D:1      | Reached XP level 2. HP: 9/17 MP: 1/5
   466 | D:1      | Reached XP level 3. HP: 21/21 MP: 3/6
   724 | D:1      | Learned a level 3 spell: Mephitic Cloud
   834 | D:2      | Found Jeasiogyle's Assorted Antiques.
  1029 | D:2      | Reached XP level 4. HP: 27/27 MP: 0/7
  1269 | D:2      | Reached skill level 1 in Unarmed Combat
  1536 | D:2      | Noticed Robin
  1639 | D:2      | Killed Robin
  1731 | D:2      | Learned a level 4 spell: Olgreb's Toxic Radiance
  2269 | D:2      | Found a runed translucent door.
  2270 | D:2      | Noticed Crazy Yiuf
  2282 | D:2      | Killed Crazy Yiuf
  2283 | D:2      | Reached XP level 5. HP: 31/31 MP: 1/9
  2461 | D:2      | Bought a dented zirconium amulet for 85 gold pieces
  2461 | D:2      | Bought a scroll labelled BECLIS HIKIRGH for 17 gold pieces
  2958 | D:3      | Found a broken altar of Ashenzari.
  3735 | D:2      | Bought a scroll labelled KOKHER SEYRUTS for 17 gold pieces
  3797 | D:4      | Reached XP level 6. HP: 36/36 MP: 6/11
  3802 | D:4      | Learned a level 4 spell: Iskenderun's Mystic Blast
  3867 | D:4      | Identified the +4 whip of the Evil Eye {flame, +Blink
                  | Int+6}
  3881 | D:4      | Found a stormy altar of Qazlal.
  3881 | D:4      | Noticed a sky beast
  3912 | D:4      | Killed a sky beast
  4071 | D:4      | Reached skill level 1 in Staves
  4254 | D:4      | Found Neargh's Book Emporium.
  4258 | D:4      | Reached skill level 5 in Alchemy
  4379 | D:4      | Found Hozycwoargh's General Store.
  4512 | D:4      | Reached skill level 1 in Translocations
  4554 | D:4      | Found a radiant altar of Vehumet.
  4907 | D:2      | Bought a scroll labelled PEKLAMPEYFI for 17 gold pieces
  4907 | D:2      | Bought a scroll labelled PUXUATRIMPE for 17 gold pieces
  4907 | D:2      | Bought a scroll labelled PERIOMPENE for 17 gold pieces
  4977 | D:5      | Entered Level 5 of the Dungeon
  5023 | D:5      | Reached XP level 7. HP: 41/41 MP: 8/12
  5025 | D:5      | Reached skill level 1 in Air Magic
  5409 | D:5      | Found Imetaudd's Armour Shoppe.
  5901 | D:5      | Found Imetaudd's Armour Shoppe.
  6423 | D:4      | Bought a potion of curing for 36 gold pieces
  6462 | D:6      | Reached skill level 1 in Maces & Flails
  6462 | D:6      | Reached XP level 8. HP: 47/47 MP: 7/14
  6526 | D:6      | Found an ornate altar of the Wu Jian Council.
  6540 | D:6      | Became a worshipper of the Wu Jian Council
  6722 | D:6      | Learned a level 3 spell: Swiftness
  6959 | D:6      | Found a staircase to the Ecumenical Temple.
  6971 | Temple   | Entered the Ecumenical Temple
  7211 | D:6      | Found a shimmering altar of Xom.
  7212 | D:6      | Noticed Maggie
  7228 | D:6      | Killed Maggie
  7229 | D:6      | Reached skill level 1 in Fighting
  7229 | D:6      | Reached skill level 5 in Stealth
  7229 | D:6      | Reached skill level 5 in Spellcasting
  7307 | D:6      | Gained mutation: You possess an exceptional clarity of
                  | mind. [potion of mutation]
  7307 | D:6      | Gained mutation: You have hidden genetic potential. [potion
                  | of mutation]
  7307 | D:6      | Gained mutation: You passively dampen the noise of your
                  | surroundings. [potion of mutation]
  7417 | D:7      | Reached XP level 9. HP: 53/53 MP: 8/17
  7499 | D:7      | Learned a level 3 spell: Passwall
  7777 | D:7      | Found Gurotumi's Antique Armour Boutique.
  7876 | D:7      | Reached * piety under Wu Jian
  8021 | D:7      | Found Fyr Fyde's CLEARANCE SALE!.
  8161 | D:7      | Gained mutation: One of your tentacles bears a spike.
                  | [hidden potential]
  8827 | D:8      | Noticed a tengu warrior
  8831 | D:8      | Noticed a four-headed hydra
  8832 | D:8      | Killed a tengu warrior
  8833 | D:8      | Reached skill level 5 in Translocations
  8833 | D:8      | Reached skill level 1 in Earth Magic
  8833 | D:8      | Reached XP level 10. HP: 60/60 MP: 11/19
  8850 | D:8      | Found a hide-covered altar of Uskayaw.
  9114 | D:8      | Found a shadowy altar of Dithmenos.
  9358 | D:8      | Found a glowing golden altar of the Shining One.
  9810 | D:8      | Learned a level 5 spell: Lee's Rapid Deconstruction
  9894 | D:8      | Killed an unseen horror
  9894 | D:8      | Reached ** piety under Wu Jian
  9905 | D:8      | Gained mutation: You have an increased reservoir of magic.
                  | (+10% MP) [hidden potential]
  9905 | D:8      | Lost mutation: You have hidden genetic potential. [hidden
                  | potential expressed]
 10106 | D:8      | a four-headed hydra changed into a dire elephant
 10106 | D:8      | Noticed a dire elephant
 10116 | D:8      | Demolished by a dire elephant

Illustrated notes

Levels and vault maps discovered:
D:1:      heliophobic_arrival_glass_houses, layout_rooms, minmay_tromino_i2
D:2:      layout_basic, serial_shops, shop, uniq_robin, uniq_crazy_yiuf_cottage
D:3:      layout_basic, lemuel_round_altar, grunt_ministairs_1
D:4:      layout_rooms, mainiacjoe_overflow_24_doors,
          nicolae_qazlal_beasts_of_the_sky, serial_shops, nicolae_shop_trees,
          shop, serial_co_window_serial, co_window_paths_b, co_window_corner_a,
          co_window_paths_a, co_window_corner_a, co_window_paths_a,
          co_window_paths_a, co_window_corner_ca, co_window_2corner,
          co_window_2corner, co_window_corner_b, co_window_corner_b,
          co_window_corner_b, co_window_broadway_a, glass_columns_b
D:5:      layout_basic, serial_shops, nicolae_stop_n_shop_2
D:6:      layout_cave_pools, mainiacjoe_overflow_catwalk, lemuel_round_altar,
          minmay_temple_entry_purple_smoke, uniq_maggie
D:7:      layout_cave_pods, serial_shops, nicolae_shop_peninsula,
          nicolae_shop_clearance
D:8:      minmay_chambers_of_sixes, layout_basic, mainiacjoe_overflow_alcove_2,
          nicolae_tso_carved_into_rock, nicolae_uskayaw_suspiria
Temple:   nicolae_temple_bog_church

Skill      XL: |  1  2  3  4  5  6  7  8  9 10 |
---------------+-------------------------------+-----
Stealth        | 3 4 5 6 |  6.7
Alchemy        | 4 5 6 7 |  7.8
Conjurations   | 2 3 |  3.9
Unarmed Combat | 1 |  1.1
Spellcasting   | 3 4 5 6 7 |  7.1
Staves         | 1 |  1.9
Translocations | 1 2 3 5 |  5.4
Air Magic      | 1 2 3 |  3.3
Maces & Flails | 1 2 4 |  4.1
Fighting       | 1 2 |  2.0
Earth Magic    | 1 2 |  2.4
Throwing       | |  0.5
Dodging        | |  2.8
Evocations     | |  0.2

Action                     |  1- 3 |  4- 6 |  7- 9 | 10-12 || total
---------------------------+-------+-------+-------+-------++-------
  Melee: Unarmed           |    29 |    34 |       |       ||    63
         Constrict         |    10 |    23 |    29 |     5 ||    67
         Tentacles         |     3 |    18 |    36 |     3 ||    60
         Quarterstaff      |       |    15 |       |       ||    15
         Whip              |       |    28 |   127 |    26 ||   181
         Kick              |       |       |     9 |    12 ||    21
  Throw: Boomerang         |       |       |     2 |       ||     2
   Cast: Sting             |    46 |    28 |       |       ||    74
         Mephitic Cloud    |     1 |    20 |    29 |    16 ||    66
         Olgreb's Toxic Ra |       |     1 |    16 |     8 ||    25
Ability: Evoke Blink       |       |     1 |       |       ||     1
         Lunge             |       |       |    14 |     5 ||    19
         Whirlwind         |       |       |       |     1 ||     1
  Evoke: Wand              |       |       |       |     2 ||     2
    Use: Scroll            |       |     8 |     4 |     1 ||    13
         Potion            |       |     1 |     3 |     1 ||     5
   Stab: Sleeping          |     1 |     4 |     4 |       ||     9
         Confused          |       |     4 |    10 |     4 ||    18
 Armour: Skin              |     8 |    25 |    21 |     9 ||    63
  Dodge: Dodged            |    14 |    33 |    55 |    15 ||   117

Table legend: (Time is in decaauts)
 A = Elapsed time spent in this place.
 B = Non-inter-level travel time spent in this place.
 C = Inter-level travel time spent in this place.
 D = Time resting spent in this place.
 E = Time spent auto-exploring this place.
 F = Levels seen in this place.
 G = Mean time per level.
                   A        B        C        D        E       F      G
               +--------+--------+--------+--------+--------+-----+--------+
         Total |  10120 |   9419 |    701 |    207 |   7715 |   9 | 1124.4 |
       Dungeon |  10073 |   9372 |    701 |    162 |   7715 |   8 | 1259.1 |
        Temple |     46 |     46 |      0 |     45 |      0 |   1 |   46.0 |
               +--------+--------+--------+--------+--------+-----+--------+

Top non-repeatable levels by time:
     D:8: 1803 daAuts
     D:2: 1735 daAuts
     D:5: 1364 daAuts
     D:3: 1267 daAuts
     D:4: 1203 daAuts
     D:7: 912 daAuts
     D:6: 897 daAuts
     D:1: 890 daAuts
  Temple: 46 daAuts
